 Dungeon Crawl Stone Soup version 0.30.0 (webtiles) character file.

Game seed: 776715892903099937

41 zlionsfan the Stinger (level 3, 0/28 HPs)
             Began as a Hill Orc Venom Mage on May 6, 2023.
             Succumbed to a gnoll's poison
             ... on level 2 of the Dungeon.
             The game lasted 00:05:48 (1620 turns).

zlionsfan the Stinger (Hill Orc Venom Mage)         Turns: 1620, Time: 00:05:49

Health: 0/28       AC:  2    Str: 16    XL:     3   Next: 52%
Magic:  3/5        EV: 12    Int: 17    God:
Gold:   95         SH:  0    Dex: 11    Spells: 2/5 levels left

rFire   . . .        c - +0 dagger (venom)
rCold   . . .        (no shield)
rNeg    . . .        a - +0 robe
rPois   .            (no helmet)
rElec   .            (no cloak)
rCorr   .            (no gloves)
SInv    .            (no boots)
Will    +....        (no amulet)
Stlth   ++           j - ring of willpower
HPRegen 0.24/turn    l - +6 ring of strength
MPRegen 0.09/turn

%: no passive effects
@: lethally poisoned (0 -> -12), attractive
A: no striking features
a: no special abilities


You were on level 2 of the Dungeon.
You visited 1 branch of the dungeon, and saw 2 of its levels.

You collected 95 gold pieces.

Inventory:

Hand Weapons
 c - a +0 dagger of venom (weapon)
Armour
 a - a +0 robe (worn)
Jewellery
 f - a ring of magical power
 j - a ring of willpower (left hand)
 l - a +6 ring of strength (right hand)
Wands
 m - a wand of polymorph (5)
Scrolls
 e - a scroll of fog {unknown}
 h - a scroll of identify {unknown}
 i - a scroll of poison {unknown}
 n - a scroll of immolation {unknown}
Potions
 k - a potion of invisibility {unknown}


   Skills:
 * Level 1.4 Fighting
 + Level 0.4 Short Blades
 + Level 1.8 Dodging
 + Level 1.6 Stealth
 * Level 1.9 Spellcasting
 + Level 0.6 Transmutations
 * Level 3.2 Poison Magic


You had 2 spell levels left.
You knew the following spells:

 Your Spells              Type           Power      Damage    Failure   Level
a - Sting                 Tmut/Pois      32%        1d4       9%          1
b - Poisonous Vapours     Pois/Air       14%        N/A       16%         2

Your spell library contained the following spells:

 Spells                   Type           Power      Damage    Failure   Level
 Ignite Poison            Fire/Tmut/Pois 6%         N/A       34%         3
 Mephitic Cloud           Conj/Pois/Air  5%         N/A       36%         3
 Olgreb's Toxic Radiance  Pois           12%        N/A       45%         4
 Vampiric Draining        Necr           1%         2d6       52%         3
 Anguish                  Hex/Necr       0%         N/A       89%         4
 Haunt                    Necr/Summ      0%         N/A       100%        7


Dungeon Overview and Level Annotations

Branches:
Dungeon (2/15)

Altars:

Annotations:
D:2 Jessica, Natasha


Message History

You barely miss the gnoll.
The gnoll is heavily wounded.
The gnoll hits you with a +2 spear of venom.
You are poisoned.
You barely miss the gnoll.
The gnoll is heavily wounded.
You feel very sick. The gnoll closely misses you.
You feel better.
The gnoll looks more healthy.
The gnoll hits you with a +2 spear of venom.
You are poisoned.
Magic courses through your body.
You feel very sick.
Jessica looks more healthy.
The gnoll barely misses you.
Casting: Sting (safe; 9% risk of failure)
Confirm with . or Enter, or press ? or * to list all spells.
Aiming: Sting (safe; 9% risk of failure)
Press: ? - help, Shift-Dir - straight line, f/p - gnoll
Aim: a gnoll, wielding a +2 spear of venom (heavily wounded, 72% to hit)
The sting hits the gnoll but does no damage.
The gnoll is poisoned.
The gnoll is heavily wounded.
You feel sick.
The gnoll hits you with a +2 spear of venom.
You are lethally poisoned!
Casting: Sting (safe; 9% risk of failure)
Confirm with . or Enter, or press ? or * to list all spells.
Aiming: Sting (safe; 9% risk of failure)
Press: ? - help, Shift-Dir - straight line, f/p - gnoll
Aim: a gnoll, wielding a +2 spear of venom (severely wounded, poisoned, 72% to hit)
The sting hits the gnoll.
The gnoll looks even sicker.
You kill the gnoll!
* * * LOW HITPOINT WARNING * * *
You feel very sick. Jessica hits you with a +0 club.
* * * LOW HITPOINT WARNING * * *
Your Fighting skill increases to level 1!
It was a potion of attraction.
You feel attractive to monsters.
You die...

. ##. #................. .##.
#........)........
.>..###.................
....................g...
#..##...................
...#............................
...#.(............@..........g$
...#...........########.#....g
.....#..###....@@.......#....
.....#..# ###############...
...#....####....<.....# #..
...#..............###.# #.#
...#..............###.# #.#
.#.#...#..............# #g#
##.#.#...........###### #g#
#.#.##...######.....# #.#
#.#.##.#........###.# #.#


You could see Jessica (fast).

Vanquished Creatures
  A gnoll (D:2)
  A dart slug (D:1)
  4 ball pythons
  4 bats (D:1)
  2 endoplasms (D:1)
  A giant cockroach (D:2)
  A goblin (D:2)
  A hobgoblin (D:2)
  4 jackals (D:1)
  A frilled lizard (D:1)
  4 kobolds
  3 rats
27 creatures vanquished.

Notes
Turn   | Place    | Note
-------+----------+-------------------------------------------
     0 | D:1      | zlionsfan the Hill Orc Venom Mage began the quest for the
                  | Orb.
     0 | D:1      | Reached XP level 1. HP: 14/14 MP: 3/3
   309 | D:1      | Reached XP level 2. HP: 20/20 MP: 4/4
   311 | D:1      | Reached skill level 3 in Poison Magic
   785 | D:1      | Got Ciymer's Precepts of Dogma
  1231 | D:2      | Noticed Natasha
  1244 | D:1      | Reached XP level 3. HP: 24/26 MP: 2/5
  1317 | D:2      | Learned a level 2 spell: Poisonous Vapours
  1597 | D:2      | Noticed Jessica
  1620 | D:2      | Reached skill level 1 in Fighting
  1620 | D:2      | Succumbed to a gnoll's poison

Illustrated notes

Levels and vault maps discovered:
D:1:      dpeg_arrival_stone_temple_mockup, layout_basic
D:2:      layout_basic, uniq_natasha, uniq_jessica

Skill      XL: |  1  2  3 |
---------------+----------+-----
Poison Magic   | 3 |  3.2
Fighting       | 1 |  1.4
Short Blades   | |  0.4
Dodging        | |  1.8
Stealth        | |  1.6
Spellcasting   | |  1.9
Transmutations | |  0.6

Action                     || total
---------------------------++-------
  Melee: Dagger            ||    47
   Cast: Sting             ||    17
         Poisonous Vapours ||     1
    Use: Potion            ||     5
   Stab: Sleeping          ||     4
 Armour: Robe              ||    10
  Dodge: Dodged            ||    50
